 Dungeon Crawl Stone Soup version 0.25.0-41-g26779e291d (console) character file.

Game seed: 15678656074333605978

193 Kagalorn the Sneak (level 5, -1/31 HPs)
             Began as an Octopode Wizard on July 10, 2020.
             Killed from afar by a white imp (14 damage)
             ... with a puff of frost
             ... summoned by Natasha
             ... on level 3 of the Dungeon.
             The game lasted 00:06:08 (3841 turns).

Kagalorn the Sneak (Octopode Wizard)                Turns: 3841, Time: 00:06:09

Health: -1/31      AC:  1    Str:  6    XL:     5   Next: 72%
Magic:  0/11       EV: 12    Int: 21    God:
Gold:   183        SH:  3    Dex: 11    Spells: 9/12 levels left

rFire    . . .     SeeInvis +   (no weapon)
rCold    . . .     Gourm    .   t - +0 buckler
rNeg     . . .     Faith    .   a - +0 hat
rPois    .         Spirit   +   h - amulet of guardian spirit
rElec    .         Reflect  .   m - ring of see invisible
rCorr    .         Harm     .   u - ring of wizardry
MR       .....                  z - ring of stealth
Stlth    +++++.....             (no ring)
HPRegen  0.10/turn              (no ring)
MPRegen  0.12/turn              (no ring)
                                (no ring)
                                (no ring)

@: very slightly contaminated
A: almost no armour, stealthy swim, amphibious, 8 rings, constrict 8, camouflage
1, gelatinous body 1
a: no special abilities


You were on level 3 of the Dungeon.
You were hungry.

You visited 1 branch of the dungeon, and saw 3 of its levels.

You collected 183 gold pieces.

Inventory:

Hand Weapons
 q - a +2 dagger of venom
Missiles
 b - 4 poisoned darts (quivered)
 e - 80 stones
 f - 94 arrows
 w - 4 boomerangs
 x - 4 bolts
 y - 23 sling bullets
Armour
 a - a +0 hat (worn)
 t - a +0 buckler (worn)
Jewellery
 h - an amulet of guardian spirit (around mantle)
 m - a ring of see invisible (left tentacle)
 u - a ring of wizardry (right tentacle)
 z - a ring of stealth (on tentacle)
Scrolls
 d - 2 scrolls of blinking {unknown}
 g - a scroll of enchant armour {unknown}
 i - 4 scrolls of magic mapping {unknown}
 j - 8 scrolls of identify {unknown}
 n - a scroll of teleportation {unknown}
 o - a scroll of random uselessness {unknown}
Potions
 k - 3 potions of haste {unknown}
 l - a potion of might {unknown}
 p - a potion of curing {unknown}
 r - a potion of berserk rage {unknown}
 s - a potion of resistance {unknown}
 v - a potion of flight {unknown}
Comestibles
 c - 11 rations


   Skills:
 - Level 2.0 Dodging
 + Level 5.1 Stealth
 + Level 4.1 Spellcasting
 + Level 3.2 Conjurations
   Level 1.0 Summonings
 - Level 1.0 Translocations


You had 9 spell levels left.
You knew the following spells:

 Your Spells              Type           Power        Failure   Level  Hunger
a - Magic Dart            Conj           ###.         2%          1    None
h - Blink                 Tloc           N/A          9%          2    #......

Your spell library contained the following spells:

 Spells                   Type           Power        Failure   Level  Hunger
 Call Imp                 Summ           #.......     9%          2    #......
 Slow                     Hex            #.......     12%         2    #......
 Conjure Flame            Conj/Fire      ##......     12%         3    ###....
 Mephitic Cloud           Conj/Pois/Air  #.......     16%         3    ###....


Dungeon Overview and Level Annotations

Branches:
Dungeon (3/15)

Altars:
Cheibriados
Dithmenos
Trog

Annotations:
D:3 Natasha


Innate Abilities, Weirdness & Mutations

You cannot wear most types of armour.
You are very stealthy in the water. (Stealth+)
You are amphibious.
You can wear up to eight rings at the same time.
You can use your tentacles to constrict eight enemies at once.
Your skin changes colour to match your surroundings (Stealth+).
Your rubbery body absorbs attacks. (AC +1, EV +1)


Message History

Aiming: Magic Dart (safe; 2% risk of failure)
Press: ? - help, Shift-Dir - straight line, f/p - Natasha
Aim: Natasha (heavily wounded)
The magic dart hits Natasha.
Natasha is severely wounded.
The white imp misses you. Natasha barely misses you.
Casting: Magic Dart (safe; 2% risk of failure)
Confirm with . or Enter, or press ? or * to list all spells.
Aiming: Magic Dart (safe; 2% risk of failure)
Press: ? - help, Shift-Dir - straight line, f/p - Natasha
Aim: Natasha (severely wounded)
The magic dart hits Natasha but does no damage.
Natasha is severely wounded.
You block the white imp's attack. You block Natasha's attack.
You barely miss Natasha. You grab Natasha.
Natasha is severely wounded.
You constrict Natasha. The white imp gestures at you.
The puff of frost hits you!
You die...

## *#######* .# *.....>.* *****
.# *.<)....*******,,,* .#
*.......##,,,,,,,,** .#
*...).....,****,,,,*** .#
*........#** ***,,,,* .#
*........# **,**,* .# ###
****#.*#@#######.,**,**** .##
#.### #.##h5)......,,,,,,,* ..#
#...# #.###........,,,,,,,* #.#
#.#.# #.# #.......#,,,,,,,*
..###...#####.###........,,,,,,,,
.>.###.........).........,,,,,,,,
...# ##.#####..##........,,,,,,,,
...####.# #......)#.#..,),,,,,,
.....##.#####.###.#.#....,,,,,,,,


You could see Natasha and a white imp (summoned).

Vanquished Creatures
  Natasha (twice) (D:3)
  6 adders
  2 oozes (D:2)
  A worm (D:2)
  5 dart slugs
  3 leopard geckos
  6 orcs (D:3)
  8 bats (D:1)
  2 giant cockroaches
  4 goblins
  6 hobgoblins
  A jackal (D:1)
  A ball python (D:2)
  6 frilled lizards
  2 kobolds
  10 rats
65 creatures vanquished.

Notes
Turn   | Place    | Note
-------+----------+-------------------------------------------
     0 | D:1      | Kagalorn the Octopode Wizard began the quest for the Orb.
     0 | D:1      | Reached XP level 1. HP: 11/11 MP: 4/4
   231 | D:1      | Reached skill level 3 in Stealth
   339 | D:1      | Reached XP level 2. HP: 17/17 MP: 4/6
  1064 | D:1      | Reached XP level 3. HP: 21/21 MP: 1/7
  1645 | D:2      | Reached skill level 4 in Stealth
  1719 | D:2      | Found a snail-covered altar of Cheibriados.
  1720 | D:2      | Found a bloodstained altar of Trog.
  1868 | D:2      | Reached XP level 4. HP: 27/27 MP: 5/9
  2681 | D:2      | Learned a level 2 spell: Blink
  3168 | D:3      | Reached XP level 5. HP: 26/31 MP: 3/10
  3410 | D:3      | Noticed Natasha
  3464 | D:3      | Killed Natasha
  3603 | D:3      | Found a shadowy altar of Dithmenos.
  3645 | D:3      | Noticed Natasha
  3651 | D:3      | Killed Natasha
  3651 | D:3      | Reached skill level 5 in Stealth
  3829 | D:3      | Noticed Natasha
  3841 | D:3      | Killed from afar by a white imp

Illustrated notes

Levels and vault maps discovered:
D:1:      dpeg_arrival_lava_altar, layout_loops_corners
D:2:      layout_loops_ring, chequers_temple_overflow_statue_of_worship,
          minmay_fractal_squares_gapless_5
D:3:      minmay_angry_zag, layout_rooms, first_ration,
          grunt_dithmenos_smoke_and_mirrors, uniq_natasha

Skill      XL: |  1  2  3  4  5 |
---------------+----------------+-----
Stealth        | 3 4 5 |  5.1
Conjurations   | 2 3 |  3.2
Spellcasting   | 4 |  4.1
Dodging        | |  2.0
Summonings     | |  1.0
Translocations | |  1.0

Action                   |  1- 3 |  4- 6 || total
-------------------------+-------+-------++-------
Melee: Unarmed           |     1 |    13 ||    14
       Constrict         |       |     4 ||     4
       Tentacles         |       |     2 ||     2
 Cast: Magic Dart        |    81 |   103 ||   184
  Eat: Chunk             |     3 |     5 ||     8
Armor: Skin              |     2 |     5 ||     7
Dodge: Dodged            |    12 |    17 ||    29
Block: Buckler           |       |     4 ||     4
